 Dungeon Crawl Stone Soup version 0.21-a0-460-g737a915 (webtiles) character file.

3123 kiturien the Carver (level 9, -3/80 HPs)
             Began as a Minotaur Fighter on Nov 20, 2017.
             Killed from afar by an orc sorcerer (37 damage)
             ... with a bolt of fire
             ... on level 7 of the Dungeon on Nov 21, 2017.
             The game lasted 00:18:40 (5378 turns).

kiturien the Carver (Minotaur Fighter)              Turns: 5378, Time: 00:18:41

Health: -3/80      AC:  7    Str: 25    XL:     9   Next: 60%
Magic:  8/8        EV: 14    Int:  2    God:
Gold:   437        SH:  5    Dex: 13    Spells: 8/8 levels left

rFire    . . .     SeeInvis .   a - +0 long sword
rCold    . . .     Gourm    .   l - +0 buckler
rNeg     . . .     Faith    .   s - +1 leather armour of the Meadowlark {rPois Int-3 Dex+4} (curse)
rPois    +         Spirit   .   (helmet restricted)
rElec    .         Reflect  .   (no cloak)
rCorr    .         Harm     .   (no gloves)
MR       .....     Rnd*Tele +   u - +1 pair of boots
Stlth    ++........             (no amulet)
HPRegen  0.23/turn              n - ring of teleportation (curse)
MPRegen  0.11/turn              (no ring)

@: drained
A: retaliatory headbutt, horns 2
a: no special abilities


You were on level 7 of the Dungeon.
You were not hungry.

You visited 2 branches of the dungeon, and saw 8 of its levels.
You also visited: Sewer.

You collected 437 gold pieces.

Inventory:

Hand Weapons
 a - a +0 long sword (weapon)
Armour
 b - a +0 scale mail
 c - a +0 shield
 l - a +0 buckler (worn)
 q - a +0 troll leather armour {Purgy}
 s - the cursed +1 leather armour of the Meadowlark (worn) {rPois Int-3 Dex+4}
   (You found it on level 7 of the Dungeon)

   It affects your intelligence (-3).
   It affects your dexterity (+4).
   It protects you from poison.
   It has a curse placed upon it.
 u - a +1 pair of boots (worn)
Jewellery
 n - a cursed ring of teleportation (left hand)
Wands
 m - a wand of flame (28)
 p - a wand of iceblast (5)
Scrolls
 e - 8 scrolls of identify
 g - a scroll of enchant armour
 i - 5 scrolls of teleportation
Potions
 d - a potion of might
 h - 5 potions of heal wounds
 r - 2 potions of berserk rage
Comestibles
 f - 5 bread rations
 j - 2 meat rations
 k - 5 chunks of flesh
 o - 4 fruits


   Skills:
 + Level 7.7(7.1) Fighting
 + Level 9.9(9.3) Long Blades
 + Level 6.8(6.3) Armour
 + Level 5.9(5.3) Dodging
 + Level 1.8(1.4) Stealth
 + Level 7.1(6.5) Shields


You had 8 spell levels left.
You didn't know any spells.

Dungeon Overview and Level Annotations

Branches:
Dungeon (7/15)             Temple (1/1) D:4

Altars:
Ashenzari
Cheibriados
Elyvilon
Fedhas
Gozag
Hepliaklqana
Kikubaaqudgha
Makhleb
Nemelex Xobeh
Okawaru
Qazlal
Ru
Sif Muna
Trog
Vehumet
Yredelemnul
The Shining One


Innate Abilities, Weirdness & Mutations

You reflexively headbutt those who attack you in melee.
You have a pair of horns on your head.


Message History

You completely miss the orc sorcerer.
The orc sorcerer hits you but does no damage.
You hit the orc sorcerer but do no damage.
The ice devil hits you! The ice devil freezes you!
The orc sorcerer hits you but does no damage.
You miss the orc sorcerer.
You headbutt the orc sorcerer, but do no damage.
The ice devil closely misses you.
The orc sorcerer mumbles some strange words.
The orc sorcerer drinks a potion.
The orc sorcerer seems to grow stronger.
You hit the orc sorcerer but do no damage.
The ice devil hits you but does no damage.
The orc sorcerer casts a spell at you.
The bolt of negative energy hits the ice devil.
The ice devil completely resists.
The bolt of negative energy hits you!
You feel drained.
The orc sorcerer points at you and mumbles some strange words.
The bolt of fire hits you!
You die...

..#.####..#.### .....
.........##...# ..≈≈ ≈
.#...########.# #.≈≈ .#
.....##.....#.# #.≈##...
..............######.≈#...[
...............##.#..≈...).
..................#..≈#
.................o...≈## .
................@###.≈≈##.##
............<...%4##..≈≈≈≈≈≈
...................#........
....................o.....##
..........................#
...................4......#
...).#...........)........#
#..().............#########
(##(..............##...#


You could see an ice devil, a rust devil and 2 orc sorcerers.

Vanquished Creatures
  Grinder (D:3)
  Eustachio (D:4)
  The ghost of tof the Twirler, an amateur DsGl (Sewer)
  Menkaure (D:4)
  Duvessa (D:4)
  Purgy (Sewer)
  A black bear (D:4)
  3 orc warriors
  A sky beast (D:5)
  2 ogres
  2 necrophages (D:7)
  The ghost of tof the Slasher, an amateur DsBe of Trog (D:3)
  3 centaurs (D:7)
  2 bullfrogs
  Dowan (D:4)
  A scorpion (D:5)
  A howler monkey (D:5)
  A crimson imp (D:7)
  3 hounds
  A jelly (D:6)
  5 orc wizards
  A centaur skeleton (D:5)
  2 orc priests (D:7)
  A bullfrog skeleton (D:7)
  Jessica (D:3)
  Ijyb (D:3)
  Natasha (twice) (D:3)
  5 worker ants
  A killer bee zombie (D:6)
  4 gnolls (D:4)
  11 adders
  A shadow imp (D:5)
  An adder zombie (D:5)
  2 worms
  A dart slug (D:4)
  7 leopard geckos
  25 orcs
  3 ball pythons
  8 giant cockroaches
  7 goblins
  7 hobgoblins
  15 jackals
  3 quokkas
  11 bats
  5 frilled lizards
  A jackal skeleton (D:5)
  8 kobolds
  12 rats
180 creatures vanquished.

Notes
Turn   | Place    | Note
-------+----------+-------------------------------------------
     0 | D:1      | kiturien the Minotaur Fighter began the quest for the Orb.
     0 | D:1      | Reached XP level 1. HP: 19/19 MP: 0/0
   110 | D:1      | Reached XP level 2. HP: 19/27 MP: 1/1
   619 | D:1      | Reached XP level 3. HP: 33/33 MP: 2/2
   688 | D:2      | Reached skill level 3 in Long Blades
   730 | D:2      | Found a shattered altar of Ashenzari.
   981 | D:2      | Reached XP level 4. HP: 40/41 MP: 3/3
  1135 | D:3      | Found a glowing drain.
  1136 | D:3      | Noticed Grinder
  1136 | D:3      | Noticed tof's ghost (amateur DsBe)
  1150 | D:3      | Killed Grinder
  1150 | D:3      | Reached skill level 5 in Fighting
  1150 | D:3      | Reached skill level 4 in Long Blades
  1150 | D:3      | Reached skill level 1 in Dodging
  1150 | D:3      | Reached XP level 5. HP: 15/48 MP: 4/4
  1408 | D:3      | Killed tof's ghost
  1408 | D:3      | Reached skill level 5 in Long Blades
  1408 | D:3      | Reached XP level 6. HP: 29/56 MP: 5/5
  1482 | Sewer    | Entered a sewer
  1483 | Sewer    | Noticed tof's ghost (amateur DsGl)
  1496 | Sewer    | Killed tof's ghost
  1496 | Sewer    | Reached skill level 5 in Armour
  1526 | Sewer    | Noticed Purgy
  1543 | Sewer    | Killed Purgy
  1543 | Sewer    | Reached skill level 5 in Shields
  1543 | Sewer    | Reached XP level 7. HP: 31/61 MP: 6/6
  1726 | D:3      | Noticed Ijyb
  1746 | D:3      | Killed Ijyb
  1842 | D:3      | Noticed Natasha
  1848 | D:3      | Killed Natasha
  1866 | D:3      | Noticed Jessica
  1925 | D:3      | Reached skill level 6 in Long Blades
  2268 | D:3      | Noticed Natasha
  2273 | D:3      | Killed Natasha
  2305 | D:3      | Killed Jessica
  2681 | D:4      | Found a basalt altar of Yredelemnul.
  2706 | D:4      | Found a staircase to the Ecumenical Temple.
  2713 | Temple   | Entered the Ecumenical Temple
  2967 | D:4      | Noticed Dowan
  2969 | D:4      | Noticed Duvessa
  2978 | D:4      | Killed Duvessa
  2986 | D:4      | Killed Dowan
  2986 | D:4      | Reached XP level 8. HP: 43/70 MP: 7/7
  3083 | D:4      | Found an opulent altar of Gozag.
  3180 | D:4      | Reached skill level 7 in Long Blades
  3247 | D:4      | Noticed Eustachio
  3262 | D:4      | Killed Eustachio
  3262 | D:4      | Reached skill level 1 in Stealth
  3408 | D:4      | Noticed Menkaure
  3419 | D:4      | Killed Menkaure
  3524 | D:5      | Entered Level 5 of the Dungeon
  3613 | D:5      | Reached skill level 8 in Long Blades
  3695 | D:5      | Found a burning altar of Makhleb.
  4132 | D:6      | Reached XP level 9. HP: 78/78 MP: 8/8
  4143 | D:6      | Found a hazy altar of Hepliaklqana.
  4353 | D:6      | Reached skill level 5 in Dodging
  4617 | D:6      | Found an iron altar of Okawaru.
  4679 | D:6      | Reached skill level 9 in Long Blades
  4977 | D:7      | Found a stormy altar of Qazlal.
  4977 | D:7      | Found a blossoming altar of Fedhas.
  5285 | D:7      | Got a dazzling leather armour
  5296 | D:7      | Identified the cursed +1 leather armour of the Meadowlark {rPois Int-3 Dex+4} (You found it on level 7 of the Dungeon)
  5352 | D:7      | Noticed an orc sorcerer
  5360 | D:7      | Noticed an orc sorcerer
  5370 | D:7      | Noticed a wizard
  5370 | D:7      | Noticed an ice devil
  5378 | D:7      | Noticed a rust devil
  5378 | D:7      | Killed from afar by an orc sorcerer

Vault maps used:
D:1:      kennysheep_arrival_forest
D:2:      ashenzari_conservatory_becter
D:3:      wad_lake_hut, portal_sewer_entry_a, minmay_misc_feat_alley,
          minmay_cut_off, uniq_ijyb, uniq_jessica, uniq_natasha, uniq_grinder
D:4:      old_standard_altar, lemuel_crystal_altar,
          minmay_temple_entry_overgrown, first_bread, uniq_menkaure,
          uniq_eustachio, uniq_duvessa
D:5:      nicolae_overflow_crystal_walls, hangedman_decor_lopped,
          glass_columns_b, minmay_small_thing
D:6:      marbit_many_paths, okawaru_trees_1
D:7:      cheibrodos_wizards_tower, grunt_temple_overflow_forces_of_nature,
          xom_teletrap_fun
Temple:   compressed_dpeg_triangle_lava_temple
Sewer:    sewer_big_baddie

Skill      XL: |  1  2  3  4  5  6  7  8  9 |
---------------+----------------------------+-----
Fighting       | 4 5 6 7 |  7.7
Shields        | 4 5 6 7 |  7.1
Long Blades    | 3 4 5 6 8 9 |  9.9
Armour         | 4 5 6 |  6.8
Dodging        | 1 2 3 4 5 |  5.9
Stealth        | 1 |  1.8

Action                   |  1- 3 |  4- 6 |  7- 9 || total
-------------------------+-------+-------+-------++-------
Melee: Long sword        |    85 |    54 |   339 ||   478
       Headbutt          |    13 |    12 |    79 ||   104
  Use: Scroll            |     2 |       |     7 ||     9
       Potion            |     1 |       |     3 ||     4
  Eat: Chunk             |       |     2 |    13 ||    15
Armor: Scale mail        |    36 |    34 |       ||    70
       Troll leather arm |       |       |    78 ||    78
       Leather armour    |       |       |     6 ||     6
Dodge: Dodged            |    49 |    47 |   209 ||   305
Block: Shield            |    42 |       |       ||    42
       Buckler           |    11 |    26 |    80 ||   117
       Rpst.: Long sword |    10 |    13 |    41 ||    64

Table legend:
 A = Spawn XP
 B = Non-spawn XP
 C = Spawn XP percentage of total XP
 D = Spawn monster count
 E = Non-spawn monster count
 F = Spawn count percentage of total count
 G = Total turns spent on level
                    A         B        C        D         E        F      G
               +---------+---------+-------+---------+---------+-------+---------
         Total |       0 |    4462 |   0.0 |       0 |     180 |   0.0 |  5378
               +---------+---------+-------+---------+---------+-------+---------
           D:1 |       0 |      41 |   0.0 |       0 |      26 |   0.0 |   669
           D:2 |       0 |      64 |   0.0 |       0 |      19 |   0.0 |   461
           D:3 |       0 |     764 |   0.0 |       0 |      51 |   0.0 |  1135
           D:4 |       0 |    1025 |   0.0 |       0 |      24 |   0.0 |   970
           D:5 |       0 |     503 |   0.0 |       0 |      16 |   0.0 |   529
           D:6 |       0 |     670 |   0.0 |       0 |      18 |   0.0 |   912
           D:7 |       0 |    1069 |   0.0 |       0 |      19 |   0.0 |   413
         Sewer |       0 |     326 |   0.0 |       0 |       7 |   0.0 |   172
               +---------+---------+-------+---------+---------+-------+---------
